 Dungeon Crawl Stone Soup version 0.26-a0-1139-g7d2dc893a1 (webtiles) character file.

Game seed: 15030821612750268479

212 Dracia the Ducker (level 5, 0/42 HPs)
             Began as a Demonspawn Gladiator on Dec 21, 2020.
             Was an Initiate of Qazlal.
             Slain by an iron imp (1 damage)
             ... summoned by Eustachio
             ... on level 3 of the Dungeon.
             The game lasted 00:05:02 (3445 turns).

Dracia the Ducker (Demonspawn Gladiator)            Turns: 3445, Time: 00:05:03

Health: 0/42       AC:  8    Str: 14    XL:     5   Next: 58%
Magic:  5/5        EV: 14    Int:  6    God:    Qazlal [......]
Gold:   176        SH:  0    Dex: 15    Spells: 4/4 levels left

rFire    . . .     SeeInvis .   a - +0 quarterstaff
rCold    . . .     Faith    .   (shield currently unavailable)
rNeg     . . .     Spirit   .   q - +2 leather armour {Will+}
rPois    .         Reflect  .   c - +1 helmet
rElec    .         Harm     .   (no cloak)
rCorr    .         Rampage  .   l - +0 pair of gloves
Will     +....                  (no boots)
Stlth    +.........             k - amulet of inaccuracy
HPRegen  0.14/turn              h - -4 ring of intelligence
MPRegen  0.09/turn              (no ring)

@: no status effects
A: hooves 2, powered by pain 1
a: Renounce Religion


You were on level 3 of the Dungeon.
You worshipped Qazlal.
Qazlal was noncommittal.
You visited 1 branch of the dungeon, and saw 4 of its levels.

You collected 176 gold pieces.


Innate Abilities, Weirdness & Mutations

You have hoof-like feet.
You sometimes gain a little power by taking damage.


   Skills:
 + Level 3.6 Fighting
 - Level 2.6 Staves
 - Level 1.7 Throwing
 + Level 2.6 Armour
 + Level 4.0 Dodging


You had 4 spell levels left.
You didn't know any spells.
Your spell library was empty.

Inventory:

Hand Weapons
 a - a +0 quarterstaff (weapon)
Missiles
 d - 3 throwing nets (quivered) {=f=f}
Armour
 b - a +0 leather armour
 c - a +1 helmet (worn)
 l - a +0 pair of gloves (worn)
 p - a +0 chain mail
 q - a +2 leather armour of willpower (worn)
Jewellery
 h - a -4 ring of intelligence (left hand)
 k - an amulet of inaccuracy (around neck)
Scrolls
 m - a scroll of immolation
 n - 3 scrolls of identify {@r1@r1}
 o - a scroll of teleportation {@r4@r4}
 s - a scroll of noise {unknown}
Potions
 r - 2 potions of haste {@q3@q3}

Dungeon Overview and Level Annotations

Branches:
Dungeon (4/15)
 Temple: D:4-7

Altars:
Dithmenos
Qazlal
Wu Jian
Xom

Annotations:
D:3 Eustachio

...# #........ ...# #.##.....
(..# ######.#..#... .<.#
####.......)..... .#.#
###..)............. .#)#
######...#######........ ...###
##.......## #....)... #....#
##..#####.# ##........
#.)..###..## ##@# ##.........
#........## #55# #..........
#.......#######b## ##.#........
.........(...ยง.r# #..#####.#..
........(.r.....# #.## ###.#..
#...............######.# #..)...
#......................####......
#......................##........
...............#....##..#.##.....


You could see an iron imp (summoned), a river rat (summoned), a white imp
(summoned) and a bat (summoned).


Message History

Unknown command.
You hit the quokka.
You kill the quokka!
The quokka's corpse disappears in a puff of smoke!
You feel less wooden.
Your +1 helmet unmelds from your body.
Your +0 pair of gloves unmelds from your body.
Your +2 leather armour of willpower unmelds from your body.
You feel strong-willed. The white imp completely misses you.
Eustachio brags, "I can call spirits from the vasty deep."
The iron imp completely misses you.
You sock the iron imp!
The iron imp is severely wounded.
The crimson imp disappears in a puff of smoke!
The white imp closely misses you.
Eustachio gestures wildly while chanting.
Eustachio blinks!
The iron imp misses you. The white imp hits you.
* * * LOW HITPOINT WARNING * * *
The white imp freezes you.
* * * LOW HITPOINT WARNING * * *
You closely miss the iron imp. Your kick misses the iron imp.
The iron imp is severely wounded.
The iron imp hits you but does no damage.
The white imp gestures at you. The puff of frost hits you!
* * * LOW HITPOINT WARNING * * *
You miss the iron imp.
The iron imp is severely wounded.
The iron imp hits you.
You die...

Skill      XL: |  1  2  3  4  5 |
---------------+----------------+-----
Armour         | 1 2 |  2.6
Dodging        | 3 4 |  4.0
Fighting       | 3 |  3.6
Staves         | |  2.6
Throwing       | |  1.7

Action                   |  1- 3 |  4- 6 || total
-------------------------+-------+-------++-------
Melee: Quarterstaff      |   105 |   221 ||   326
       Kick              |    15 |    45 ||    60
  Use: Scroll            |     2 |     5 ||     7
       Potion            |       |     6 ||     6
 Stab: Sleeping          |     1 |       ||     1
Armor: Leather armour    |    32 |   125 ||   157
       Chain mail        |       |    54 ||    54
       Skin              |       |    45 ||    45
Dodge: Dodged            |    96 |   281 ||   377

Levels and vault maps discovered:
D:1:      psy_arrival_spokes, layout_basic, serial_glass, glass_columns_a,
          glass_columns_a, amethyst_killhole
D:2:      layout_rooms, serial_rivers, chequers_serial_rivers_micro_e,
          chequers_serial_rivers_micro_c, chequers_serial_rivers_micro_e,
          chequers_serial_rivers_room_a, chequers_serial_rivers_small_a,
          chequers_serial_rivers_micro_a
D:3:      layout_rooms, minitemple
D:4:      layout_cave_pods, lemuel_coloured_pillars_altar,
          minmay_temple_entry_fiery, gammafunk_ghost_smash, uniq_edmund,
          uniq_grinder, uniq_eustachio

Notes
Turn   | Place    | Note
-------+----------+-------------------------------------------
     0 | D:1      | Dracia the Demonspawn Gladiator began the quest for the
                  | Orb.
     0 | D:1      | Reached XP level 1. HP: 16/16 MP: 1/1
   277 | D:1      | Gained mutation: You have large cloven feet. [demonic
                  | ancestry]
   277 | D:1      | Reached XP level 2. HP: 22/22 MP: 2/2
   397 | D:1      | Reached skill level 1 in Armour
   397 | D:1      | Reached skill level 3 in Dodging
   712 | D:1      | Gained mutation: You sometimes gain a little power by
                  | taking damage. [demonic ancestry]
   712 | D:1      | Reached XP level 3. HP: 25/28 MP: 3/3
  1278 | D:2      | Reached XP level 4. HP: 17/34 MP: 4/4
  1531 | D:2      | Reached skill level 3 in Fighting
  1728 | D:2      | Reached skill level 2 in Armour
  2363 | D:3      | Found a shadowy altar of Dithmenos.
  2419 | D:3      | Gained mutation: You have hoof-like feet. [demonic
                  | ancestry]
  2419 | D:3      | Reached XP level 5. HP: 36/41 MP: 5/5
  2455 | D:3      | Found an ornate altar of the Wu Jian Council.
  2455 | D:3      | Found a stormy altar of Qazlal.
  2459 | D:3      | Found a shimmering altar of Xom.
  2789 | D:3      | Reached skill level 4 in Dodging
  2980 | D:3      | Became a worshipper of Qazlal Stormbringer
  3061 | D:4      | Noticed Eustachio
  3398 | D:3      | HP: 3/42 [river rat[Eustachio] (3)]
  3444 | D:3      | HP: 1/42 [white imp/puff of frost[Eustachio] (8)]
  3445 | D:3      | Slain by an iron imp

Vanquished Creatures
  An orc priest (D:3)
  An iguana (D:3)
  5 adders
  An ooze (D:2)
  3 worms
  2 dart slugs (D:3)
  3 leopard geckos
  7 orcs (D:3)
  2 giant cockroaches (D:3)
  14 goblins
  7 hobgoblins
  8 jackals (D:1)
  10 kobolds
  3 quokkas
  A ball python (D:1)
  8 bats
  2 frilled lizards (D:3)
  12 rats
90 creatures vanquished.

Table legend: (Time is in decaauts)
 A = Elapsed time spent in this place.
 B = Non-inter-level travel time spent in this place.
 C = Inter-level travel time spent in this place.
 D = Time resting spent in this place.
 E = Time spent auto-exploring this place.
 F = Levels seen in this place.
 G = Mean time per level.
                   A        B        C        D        E       F      G
               +--------+--------+--------+--------+--------+-----+--------+
         Total |   3500 |   3372 |    128 |    557 |   2062 |   4 |  875.0 |
       Dungeon |   3500 |   3372 |    128 |    557 |   2062 |   4 |  875.0 |
               +--------+--------+--------+--------+--------+-----+--------+

Top non-repeatable levels by time:
     D:3: 1254 daAuts
     D:2: 1129 daAuts
     D:1: 882 daAuts
     D:4: 234 daAuts

Table legend:
 A = Non-vault XP
 B = Vault XP
 C = Vault XP percentage of total XP
 D = Non-vault monster count
 E = Vault monster count
 F = Vault count percentage of total count
                 A         B        C        D         E       F
            +---------+---------+-------+---------+---------+-------
      Total |     303 |       0 |   0.0 |      90 |       0 |   0.0
            +---------+---------+-------+---------+---------+-------
        D:1 |      53 |       0 |   0.0 |      34 |       0 |   0.0
        D:2 |      88 |       0 |   0.0 |      20 |       0 |   0.0
        D:3 |     162 |       0 |   0.0 |      36 |       0 |   0.0
            +---------+---------+-------+---------+---------+-------
